 Dungeon Crawl Stone Soup version 0.31.0-32-g396128a36d (webtiles) character file.

Game seed: 17331061064889978580

7 chippings the Trooper (level 1, 0/19 HPs)
             Began as a Draconian Wanderer on Mar 22, 2024.
             Slain by a kobold
             ... wielding a +0 whip of venom
              (4 damage)
             ... on level 1 of the Dungeon.
             The game lasted 00:00:59 (152 turns).

chippings the Trooper (Draconian Wanderer)           Turns: 152, Time: 00:01:00

Health: 0/19       AC:  4    Str: 18    XL:     1   Next: 91%
Magic:  1/3        EV: 11    Int: 10    God:
Gold:   0          SH:  0    Dex:  8    Spells: 3/4 levels left

rFire   . . .        e - +0 dagger
rCold   . . .        (no shield)
rNeg    . . .        (body armour unavailable)
rPois   .            (helmet restricted)
rElec   .            (no cloak)
rCorr   .            (no gloves)
SInv    .            (no boots)
Will    .....        (no amulet)
Stlth   +            (no ring)
HPRegen 0.23/turn    (no ring)
MPRegen 0.08/turn

%: no passive effects
@: lethally poisoned (0 -> -14)
A: AC +4, unfitting armour, cold-blooded
a: no special abilities


You were on level 1 of the Dungeon.
You visited 1 branch of the dungeon, and saw 1 of its levels.

Inventory:

Hand Weapons
 e - a +0 dagger (weapon)
Wands
 d - a wand of polymorph (18)
Scrolls
 a - 2 scrolls of butterflies {unknown}
 b - a scroll of fog
Potions
 c - a potion of curing


   Skills:
 + Level 3.6 Fighting
 - Level 1.0 Dodging
 - Level 2.0 Spellcasting
 + Level 1.5 Fire Magic
 - Level 3.0 Evocations


You had 3 spell levels left.
You knew the following spells:

 Your Spells              Type           Power      Damage    Failure   Level
a - Foxfire               Conj/Fire      8%         2x1d4     22%         1

Your spell library contained the following spells:

 Spells                   Type           Power      Damage    Failure   Level
 Volatile Blastmotes      Fire/Tloc      4%         2d10      56%         3
 Summon Lightning Spire   Summ/Air       1%         N/A       97%         4
 Lee's Rapid Deconstruct  Erth           0%         3d4*      100%        5
 Animate Armour           Summ/Erth      Unusable   N/A       N/A         4

Dungeon Overview and Level Annotations

Branches:
Dungeon (1/15)

Altars:


Innate Abilities, Weirdness & Mutations

Your plain brown scales are hard. (AC +4)
You cannot fit into any form of body armour.
You are cold-blooded and may be slowed by cold attacks.


Message History

Casting: Foxfire (safe; 24% risk of failure)
Confirm with . or Enter, or press ? or * to list all spells.
You conjure some foxfire!
The jackal barely misses you.
You closely miss the jackal.
The foxfire hits the jackal.
The jackal is heavily wounded.
The foxfire hits the jackal but does no damage.
The jackal is heavily wounded.
A jackal comes into view.
The jackal closely misses you.
Unknown command.
You closely miss the jackal.
The jackal barks!
You tail-slap the jackal.
You kill the jackal!
The jackal closely misses you.
You hit the jackal.
The jackal is moderately wounded.
The jackal bites you.
Your magical contamination has completely faded away.
You barely miss the jackal.
The jackal is moderately wounded.
The jackal bites you but does no damage.
The jackal bites you.
You hit the jackal but do no damage. You tail-slap the jackal.
You kill the jackal!
A kobold comes into view. It is wielding a +0 whip of venom.
You closely miss the kobold.
The kobold hits you with a +0 whip of venom.
You hit the kobold but do no damage.
Your tail-slap misses the kobold.
The kobold hits you with a +0 whip of venom.
You are poisoned.
You barely miss the kobold.
Your tail-slap misses the kobold.
You feel very sick.
The kobold hits you with a +0 whip of venom.
You are more poisoned.
You closely miss the kobold.
* * * LOW HITPOINT WARNING * * *
You feel very sick.
The kobold hits you with a +0 whip of venom.
You die...

#.#... #.....
..#
#.#..##..#
#.#..#...###
#.#........
#.#.##...#
#K#.##...#
#@#.##.#.#
#........#
######.### #+
#.# #. #.# #>
#.# ##. #.#
####..
#.######.#...
#.........#..


You could see a kobold.

Vanquished Creatures
  An endoplasm (D:1)
  A goblin (D:1)
  3 jackals (D:1)
  A rat (D:1)
6 creatures vanquished.

Vanquished Creatures (others)
  8 foxfires (D:1)
8 creatures vanquished.

Grand Total: 14 creatures vanquished

Notes
Turn   | Place    | Note
-------+----------+-------------------------------------------
     0 | D:1      | chippings the Draconian Wanderer began the quest for the
                  | Orb.
     0 | D:1      | chippings set off with the following items: a +0 club, a
                  | scroll of fog, a potion of curing, a wand of polymorph
                  | (18); and the following spell memorised: Foxfire; and the
                  | following spells available to memorise: Volatile
                  | Blastmotes.
     0 | D:1      | Reached XP level 1. HP: 19/19 MP: 3/3
   152 | D:1      | Slain by a kobold

Illustrated notes

Levels and vault maps discovered:
D:1:      psy_arrival_basics, layout_loops_corners, grunt_decor_resistance,
          chequers_jeans

Action                     || total
---------------------------++-------
  Melee: Dagger            ||    14
         Club              ||     3
         Tailslap          ||     2
   Cast: Foxfire           ||     5
 Armour: Skin              ||    15
  Dodge: Dodged            ||     7
